[Event "Team 45 45 League T66"]
[Site "Internet Chess Club"]
[Date "2015.10.02"]
[Round "5"]
[White "zap2"]
[Black "tightfist"]
[Result "1-0"]
[WhiteElo "1808"]
[BlackElo "1622"]
[Opening "Réti: King's Indian attack (Barcza system)"]
[ECO "A07"]
[Time "15:05:37"]
[TimeControl "2700+45"]

1. g3 d5 2. Nf3 Nf6 3. Bg2 c5 4. O-O Nc6 5. d3 e5 6. Nbd2 Bd6 7. e4 Be6 8. Re1
O-O 9. c3 Qb6 10. Qe2 Rfe8 11. h3 Rad8 12. Ng5 dxe4 13. dxe4 Bc7 14. Nxe6 Rxe6
15. Nc4 Qa6 16. Bg5 b5 17. Bxf6 Rxf6 18. Ne3 Ne7 19. Bf1 Qb7 20. Qxb5 Qxe4 21.
Ng4 Rb6 22. Qxb6 Qxe1 23. Qxc7 Qd2 24. Qxe7 h6 25. Nxe5 Rf8 26. Bc4 Qxb2 27.
Bxf7+ Rxf7 28. Qxf7+ Kh8 29. Qe8+ Kh7 30. Qg6+ Kg8 31. Rb1 {Black resigns} 1-0

[Event "Team 45 45 League T66"]
[Site "Internet Chess Club"]
[Date "2015.10.04"]
[Round "5"]
[White "searchforbobby1"]
[Black "JJ12"]
[Result "0-1"]
[WhiteElo "2126"]
[BlackElo "2043"]
[Opening "Sicilian: Alapin's variation (2.c3)"]
[ECO "B22"]
[Time "20:05:42"]
[TimeControl "2700+45"]

1. e4 c5 2. c3 g6 3. d4 cxd4 4. cxd4 d5 5. e5 Bg7 6. Nc3 a6 7. Qb3 e6 8. Nf3 Nc6
9. a4 Nge7 10. Bd3 O-O 11. Bg5 h6 12. Bxe7 Qxe7 13. a5 Qb4 14. Qxb4 Nxb4 15. Bb1
Bd7 16. Na4 Bxa4 17. Rxa4 Rfc8 18. Kd2 Nc6 19. Rc1 Bf8 20. Bd3 Nxa5 21. Rxc8
Rxc8 22. Kd1 Nc6 23. Bb1 h5 24. Nd2 Bh6 25. Nb3 Bf8 26. Bd3 Be7 27. Ra1 Kf8 28.
Ke2 Ke8 29. Na5 Nxd4+ 30. Ke3 Bc5 31. Nxb7 Nc2+ {White resigns} 0-1

[Event "Team 45 45 League T66"]
[Site "Internet Chess Club"]
[Date "2015.10.04"]
[Round "5"]
[White "ShootStraight"]
[Black "Monterrey"]
[Result "1-0"]
[WhiteElo "1956"]
[BlackElo "1928"]
[Opening "King's Indian: 4.e4"]
[ECO "E70"]
[Time "18:00:30"]
[TimeControl "2700+45"]

1. d4 Nf6 2. c4 g6 3. Nc3 Bg7 4. e4 d6 5. Bd3 O-O 6. Nge2 Nc6 7. O-O Nd7 8. Be3
e5 9. d5 Nd4 10. Nb5 Nxb5 11. cxb5 f5 12. f3 f4 13. Bf2 Bf6 14. Kh1 Bh4 15. Bg1
Nf6 16. Qc2 Nh5 17. Rac1 Rf7 18. Rfd1 Ng3+ 19. Nxg3 Bxg3 20. Bf1 Qh4 21. Qe2 a6
22. a3 g5 23. Rc3 Rf6 24. Rxc7 Rh6 25. h3 Qh5 26. Rdc1 Qe8 27. Qc2 Bd7 28. Rxb7
axb5 29. Bxb5 Bxh3 30. Bxe8 Bd7+ 31. Bh2 Rxh2+ 32. Kg1 Bh3 33. Bf7+ Kf8 34. Be6
{Black resigns} 1-0

[Event "Team 45 45 League T66"]
[Site "Internet Chess Club"]
[Date "2015.10.04"]
[Round "5"]
[White "chsrules88"]
[Black "bobhill"]
[Result "1-0"]
[WhiteElo "2050"]
[BlackElo "1958"]
[Opening "Sicilian"]
[ECO "B50"]
[Time "20:32:28"]
[TimeControl "2700+45"]

1. e4 c5 2. Nf3 d6 3. Bd3 Nc6 4. O-O g6 5. c3 Bg7 6. h3 Nf6 7. Bc2 O-O 8. d4
cxd4 9. cxd4 Bd7 10. Nc3 a6 11. Re1 Qc7 12. Bg5 h6 13. Bxf6 exf6 14. Bb3 Rad8
15. Rc1 Qa5 16. Qd2 Kh7 17. Qf4 Qh5 18. Nd5 f5 19. exf5 g5 20. Qxd6 f6 21. Qh2
g4 22. Nf4 Qxf5 23. Bc2 Qxc2 24. Rxc2 gxf3 25. Rd2 Rg8 26. Nh5 Bh8 27. Ng3 f5
28. gxf3 f4 29. Kh1 fxg3 30. fxg3 Bxd4 31. g4 Bg7 32. Qf4 Rgf8 33. Qe4+ Kh8 34.
Rd5 Nb8 35. Qe3 Rde8 36. Qd2 Rxe1+ 37. Qxe1 Bc6 38. Rf5 Re8 39. Qd2 Nd7 40. Kg2
Ne5 41. Kg3 Nc4 42. Qc1 Ne3 43. Rh5 Nd5 44. Rxh6+ Bxh6 45. Qxh6+ Kg8 46. g5 Ne7
47. Qe6+ Kg7 48. h4 Bd5 49. Qe5+ Kf8 50. h5 Rd8 51. h6 Bf7 52. h7 Ng6 53. h8=Q+
Nxh8 54. Qxh8+ Ke7 55. Qf6+ Ke8 56. g6 Bxa2 57. g7 Kd7 58. Qf8 Kc7 59. f4 b6 60.
f5 Rd1 61. f6 Rg1+ 62. Kh2 Rg6 63. f7 Rh6+ 64. Kg3 Rg6+ 65. Kh4 Rh6+ 66. Kg5 Rh1
67. Qe7+ Kc6 68. Qe4+ {Black resigns} 1-0

[Event "Team 45 45 League T66"]
[Site "Internet Chess Club"]
[Date "2015.10.04"]
[Round "5"]
[White "misuc56"]
[Black "fishhead"]
[Result "0-1"]
[WhiteElo "1713"]
[BlackElo "1836"]
[Opening "Nimzo-Indian defense"]
[ECO "E20"]
[Time "16:01:06"]
[TimeControl "2700+45"]

1. d4 Nf6 2. c4 e6 3. Nc3 Bb4 4. Bd2 O-O 5. e3 c5 6. Nf3 Bxc3 7. Bxc3 Ne4 8. Rc1
Nxc3 9. Rxc3 Qa5 10. a3 d6 11. Be2 Nd7 12. O-O f5 13. h3 Nf6 14. Bd3 Bd7 15. Nh2
e5 16. Be2 Rad8 17. f3 cxd4 18. exd4 Qb6 19. c5 Qxb2 20. Rb3 Qxd4+ 21. Qxd4 exd4
22. Rxb7 dxc5 23. Rc1 Rc8 24. Bc4+ Kh8 25. Rxa7 Ra8 26. Rxa8 Rxa8 27. Be2 Rc8
28. Nf1 Nd5 29. Nd2 Nc3 30. Bc4 g6 31. Kf2 Kg7 32. Nb1 Na4 33. Kg3 Kf6 34. h4 h6
35. Nd2 Be6 36. Bb5 Nc3 37. Bf1 Ra8 38. Ra1 Ra4 39. Kf2 Ke5 40. g3 Kd6 41. Bd3
c4 42. Bc2 Ra5 43. f4 Kc5 44. g4 d3 45. gxf5 gxf5 46. Bb1 Nd1+ 47. Ke1 Nb2 48.
Nf3 c3 49. Kf2 c2 50. Bxc2 dxc2 51. Ke3 Rxa3+ 52. Rxa3 c1=Q+ 53. Ke2 {White
resigns} 0-1

[Event "Team 45 45 League T66"]
[Site "Internet Chess Club"]
[Date "2015.10.04"]
[Round "5"]
[White "az2112"]
[Black "chessabc"]
[Result "0-1"]
[WhiteElo "1585"]
[BlackElo "1842"]
[Opening "Alekhine's defense"]
[ECO "B02"]
[Time "19:31:25"]
[TimeControl "2700+45"]

1. e4 Nf6 2. e5 Nd5 3. c4 Nb6 4. d4 d6 5. Nf3 Bf5 6. exd6 exd6 7. Nc3 Nc6 8. Be2
Nb4 9. O-O Be7 10. Be3 Nc2 11. Rc1 Nxe3 12. fxe3 O-O 13. e4 Be6 14. b3 a6 15.
Qd3 c6 16. d5 Bd7 17. Nd4 Bg5 18. Rce1 Bh4 19. Rd1 Bf6 20. Nf5 Bxf5 21. Rxf5 c5
22. Rdf1 Bd4+ 23. Kh1 Qe7 24. Bg4 Bxc3 25. Qxc3 Qxe4 26. Rxf7 Qxg4 {White
resigns} 0-1

[Event "Team 45 45 League T66"]
[Site "Internet Chess Club"]
[Date "2015.10.02"]
[Round "5"]
[White "Portola"]
[Black "SugarIslander"]
[Result "1-0"]
[WhiteElo "1835"]
[BlackElo "1629"]
[Opening "Queen's pawn game, Darooha variation "]
[ECO "D02"]
[Time "18:00:20"]
[TimeControl "2700+45"]

1. d4 d5 2. Nf3 Nf6 3. c3 e6 4. Bf4 Bd6 5. Bg5 Nbd7 6. e3 h6 7. Bh4 g5 8. Bg3
Bxg3 9. hxg3 Ne4 10. Nbd2 Nxd2 11. Qxd2 Qe7 12. Be2 f6 13. Qc2 Qh7 14. Bd3 f5
15. Nxg5 Qg6 16. Nh3 Nb6 17. Nf4 Qf7 18. Be2 h5 19. Rxh5 Rg8 20. Rh6 Ke7 21. Bh5
Qg7 22. Rg6 Qh7 23. Rxg8 Qxg8 24. O-O-O Bd7 25. Rh1 Be8 26. Bxe8 Rxe8 27. Nd3
Kd8 28. Ne5 a6 29. Qe2 Nd7 30. Nxd7 Kxd7 31. Rh6 Re7 32. Qh5 Rg7 33. Rh8 Qf7 34.
Qxf7+ Rxf7 35. Kd2 c6 36. Ke2 Rg7 37. Rh6 Rf7 38. Kf3 Rg7 39. b4 Kd6 40. Rh4 b6
41. Rh6 a5 42. a3 axb4 43. axb4 b5 44. Rh8 Ra7 45. Rd8+ Ke7 46. Rc8 Kd7 47. Rh8
Ra3 48. Rh1 Rxc3 49. Rb1 Ra3 50. Rb2 Ra8 51. Kf4 Kd6 52. g4 fxg4 53. Kxg4 Rg8+
54. Kh3 e5 55. dxe5+ Kxe5 56. f3 d4 57. exd4+ Kxd4 58. Rc2 Rg6 59. g3 Kd3 60.
Rc5 Ke3 61. Kg2 Rd6 62. Re5+ Kd4 63. Re4+ Kc3 64. g4 Rd5 65. f4 c5 66. bxc5 Rxc5
67. Re5 Kd4 68. Rxc5 Kxc5 69. g5 b4 70. g6 b3 71. g7 b2 72. g8=Q b1=Q 73. Qf8+
Kd5 74. Qf7+ Kd6 75. Qf6+ Kd7 76. Qe5 Qg6+ 77. Kf3 Qd3+ 78. Kg4 Qe2+ 79. Qxe2
{Black resigns} 1-0

[Event "Team 45 45 League T66"]
[Site "Internet Chess Club"]
[Date "2015.10.05"]
[Round "5"]
[White "Visin"]
[Black "dabodhi"]
[Result "1-0"]
[WhiteElo "1230"]
[BlackElo "1377"]
[Opening "Scandinavian: Pytel-Wade variation"]
[ECO "B01"]
[Time "12:00:20"]
[TimeControl "2700+45"]

1. e4 d5 2. exd5 Qxd5 3. Nc3 Qd6 4. d3 Nf6 5. Be2 Bf5 6. Nf3 c6 7. Be3 e6 8. O-O
Nbd7 9. a3 Be7 10. b4 Qc7 11. Rb1 Bd6 12. g3 Nd5 13. Nxd5 exd5 14. Rc1 b5 15. c4
bxc4 16. dxc4 dxc4 17. Bxc4 O-O 18. Bb5 Be4 19. Nd4 Ne5 20. f4 Ng4 21. Qxg4 Qb6
22. Be2 f5 23. Qh3 Rac8 24. Bf2 Rf6 25. Ne6 Qb7 26. Rfd1 Rxe6 27. Bc4 Bd5 28.
Bxd5 cxd5 29. Qxf5 Ree8 30. Rxc8 Rxc8 31. Qxd5+ Qxd5 32. Rxd5 Rc1+ 33. Kg2 Bf8
34. Bxa7 Rc2+ 35. Kh3 Ra2 36. Rd3 Rc2 37. b5 Rb2 38. a4 Ra2 39. Rd4 Be7 40. Bb6
Kf8 41. Re4 Bf6 42. Bc5+ Kf7 43. b6 Rb2 44. Rb4 Rxb4 45. Bxb4 Bd4 46. b7 Ba7 47.
Bd6 Ke6 48. b8=Q Bxb8 49. Bxb8 {Black resigns} 1-0

[Event "Team 45 45 League T66"]
[Site "Internet Chess Club"]
[Date "2015.10.04"]
[Round "5"]
[White "LordKinbote"]
[Black "ausya"]
[Result "1-0"]
[WhiteElo "1722"]
[BlackElo "1703"]
[Opening "Sicilian: closed"]
[ECO "B23"]
[Time "11:00:31"]
[TimeControl "2700+45"]

1. e4 c5 2. Nc3 g6 3. f4 d6 4. Nf3 Bg7 5. g3 Nc6 6. Bg2 Nf6 7. O-O O-O 8. d3 Be6
9. Be3 Ng4 10. Bd2 Qd7 11. Ng5 Bd4+ 12. Kh1 Nf2+ 13. Rxf2 Bxf2 14. f5 Bxf5 15.
exf5 Qxf5 16. Bh3 Qe5 17. Nce4 Bd4 18. c3 f5 19. Bf4 Qh8 20. Qb3+ Kg7 21. Ne6+
Kf7 22. Nxd4+ Ke8 23. Nxc6 bxc6 24. Nxd6+ Kd8 25. Qb7 exd6 26. Bxd6 Qf6 27.
Qxa8+ Kd7 28. Qxf8 Qe6 29. Qe7+ {Black resigns} 1-0

[Event "Team 45 45 League T66"]
[Site "Internet Chess Club"]
[Date "2015.10.04"]
[Round "5"]
[White "mindstorm"]
[Black "Whalen"]
[Result "0-1"]
[WhiteElo "1617"]
[BlackElo "1721"]
[Opening "French: advance, Euwe variation"]
[ECO "C02"]
[Time "12:00:31"]
[TimeControl "2700+45"]

1. e4 e6 2. d4 d5 3. e5 c5 4. c3 Nc6 5. Nf3 Bd7 6. a3 f6 7. exf6 Nxf6 8. Bf4 Be7
9. Bd3 O-O 10. O-O Qb6 11. dxc5 Qxb2 12. Nbd2 Bxc5 13. Qc2 Qxc2 14. Bxc2 Ne4 15.
Nxe4 dxe4 16. Ne5 Nxe5 17. Bxe5 Bb5 18. Rfd1 Rxf2 19. Bxe4 Rf1# {White
checkmated} 0-1

[Event "Team 45 45 League T66"]
[Site "Internet Chess Club"]
[Date "2015.10.06"]
[Round "5"]
[White "kingphisch"]
[Black "Elton2013"]
[Result "0-1"]
[WhiteElo "1465"]
[BlackElo "1770"]
[Opening "Two knights defense"]
[ECO "C55"]
[Time "19:00:34"]
[TimeControl "2700+45"]

1. e4 e5 2. Nf3 Nc6 3. d4 exd4 4. Bc4 Nf6 5. O-O Bc5 6. Re1 d6 7. c3 Bg4 8. Nbd2
O-O 9. h3 Bh5 10. Be2 dxc3 11. bxc3 Re8 12. Qc2 Bg6 13. Bd3 Nd7 14. Nb3 Bb6 15.
Bg5 f6 16. Bd2 Nde5 17. Nh4 Nxd3 18. Qxd3 Ne5 19. Qg3 Qd7 20. Nd4 d5 21. Nxg6
Nxg6 22. exd5 Qxd5 23. Be3 Re7 24. Rad1 Rae8 25. Nf3 Qc6 26. Bxb6 Qxb6 27. Rxe7
Rxe7 28. Rd8+ Kf7 29. Ng5+ fxg5 30. Qf3+ Qf6 31. Qd5+ Qe6 32. Qf3+ Nf4 33. h4
Re8 34. Rxe8 Kxe8 35. hxg5 Qe5 {White resigns} 0-1

[Event "Team 45 45 League T66"]
[Site "Internet Chess Club"]
[Date "2015.10.05"]
[Round "5"]
[White "houseofcook"]
[Black "unclevinny"]
[Result "1-0"]
[WhiteElo "1432"]
[BlackElo "1597"]
[Opening "Scotch gambit"]
[ECO "C44"]
[Time "14:01:07"]
[TimeControl "2700+45"]

1. e4 e5 2. Nf3 Nc6 3. d4 exd4 4. Bc4 h6 5. O-O Bc5 6. c3 dxc3 7. Bxf7+ Kf8 8.
Nxc3 Qe7 9. Bb3 Nf6 10. Re1 Ne5 11. Nxe5 Qxe5 12. Qf3 Qh5 13. Qf4 d6 14. Nd5 Bd4
15. Nxc7 Be5 16. Bd1 Bxf4 17. Bxh5 Rb8 18. Bxf4 Nxh5 19. Bxd6+ Kf7 20. e5 Be6
21. Nxe6 Kxe6 22. Bxb8 Rxb8 23. Rad1 Nf4 24. Rd6+ Ke7 25. g3 Nh3+ 26. Kg2 Ng5
27. f4 Nf7 28. Rd5 Rc8 29. Red1 {Black resigns} 1-0

[Event "Team 45 45 League T66"]
[Site "Internet Chess Club"]
[Date "2015.09.30"]
[Round "5"]
[White "KidRattler"]
[Black "mongmong"]
[Result "0-1"]
[WhiteElo "1730"]
[BlackElo "1636"]
[Opening "French: Tarrasch"]
[ECO "C03"]
[Time "19:03:35"]
[TimeControl "2700+45"]

1. e4 e6 2. d4 d5 3. Nd2 h6 4. Ngf3 Nf6 5. e5 Nfd7 6. Bd3 c5 7. c3 Nc6 8. a3 Qc7
9. O-O Qb6 10. Re1 cxd4 11. cxd4 Nxd4 12. Nxd4 Qxd4 13. Nf3 Qb6 14. Qa4 a6 15.
b4 Be7 16. Be3 Qd8 17. Rec1 O-O 18. b5 f6 19. bxa6 bxa6 20. Rc6 Nxe5 21. Nxe5
fxe5 22. Qg4 Bg5 23. Qh5 Qf6 24. Bc5 e4 25. Bxf8 Qxa1+ 26. Bf1 Kxf8 27. h4 Bf4
28. g3 Bxg3 29. fxg3 Qf6 30. Rc7 Qf5 31. Qe2 Qf3 32. Qb2 Qxg3+ 33. Kh1 Qxc7 34.
Qh2 Qxh2+ 35. Kxh2 Bd7 36. a4 a5 37. h5 Ke7 38. Kg3 Kf6 39. Kh4 Rb8 40. Bh3 Rb4
41. Bg4 Rxa4 42. Bh3 Rb4 43. Bg4 a4 44. Bf3 a3 45. Kg3 Rb3 46. Kh3 Rxf3+ 47. Kh4
Rf4+ 48. Kg3 e5 49. Kg2 a2 50. Kg3 a1=Q 51. Kh2 Qb2+ 52. Kg3 Rg4+ 53. Kh3 Qg2#
{White checkmated} 0-1

[Event "Team 45 45 League T66"]
[Site "Internet Chess Club"]
[Date "2015.10.06"]
[Round "5"]
[White "Gilguli"]
[Black "stanbeers"]
[Result "1-0"]
[WhiteElo "1498"]
[BlackElo "1459"]
[Opening "Vienna gambit"]
[ECO "C29"]
[Time "14:30:21"]
[TimeControl "2700+45"]

1. e4 e5 2. Nc3 Nf6 3. f4 d5 4. exd5 Nxd5 5. Nxd5 Qxd5 6. Qe2 Bd6 7. Nf3 Nc6 8.
b3 O-O 9. Bb2 Bg4 10. O-O-O e4 11. h3 exf3 12. Qf2 Bh5 13. g4 Bxf4 14. gxh5 Qxh5
15. Rg1 Be5 16. Ba3 Rfe8 17. Rg4 Qf5 18. Bd3 Qf6 19. Bc5 Bd6 20. Kb1 Ne5 21. Bd4
Nxg4 22. hxg4 Be5 23. Bxe5 Rxe5 24. Rh1 h6 25. c3 Rae8 26. Rh3 Qg5 27. Rxf3 Re1+
28. Kc2 Qxg4 29. Bc4 R8e7 30. Kb2 Qd7 31. Bxf7+ Kh7 32. Bc4 R1e2 33. Bd3+ R7e4
34. Qxe2 {Black resigns} 1-0

[Event "Team 45 45 League T66"]
[Site "Internet Chess Club"]
[Date "2015.10.03"]
[Round "5"]
[White "Just-Jim"]
[Black "guyd52"]
[Result "0-1"]
[WhiteElo "1325"]
[BlackElo "1386"]
[Opening "Queen's pawn game"]
[ECO "D00"]
[Time "18:30:21"]
[TimeControl "2700+45"]

1. d4 d5 2. f4 g6 3. e3 Nf6 4. c3 Bf5 5. Nf3 Bg7 6. c4 c6 7. Qb3 Qc7 8. Be2 Nbd7
9. O-O Ne4 10. cxd5 c5 11. Bc4 O-O 12. Nbd2 b6 13. Nxe4 Bxe4 14. d6 exd6 15. Ng5
Nf6 16. Nxe4 Nxe4 17. Bd5 Rae8 18. f5 cxd4 19. fxg6 hxg6 20. Bxe4 Rxe4 21. Qd5
Qe7 22. Bd2 dxe3 23. Bb4 Rxb4 24. Rac1 e2 25. Rfe1 Bd4+ 26. Kh1 Bf2 27. Qd2 Bxe1
28. Rxe1 Re4 29. h3 Qe5 30. Kg1 Qc5+ 31. Kh2 Rfe8 32. a3 d5 33. b4 Qe3 34. Qxd5
Qc3 {White resigns} 0-1

[Event "Team 45 45 League T66"]
[Site "Internet Chess Club"]
[Date "2015.10.02"]
[Round "5"]
[White "skuhl99"]
[Black "QuieroAprender"]
[Result "0-1"]
[WhiteElo "1509"]
[BlackElo "1794"]
[Opening "Réti opening"]
[ECO "A04"]
[Time "19:24:34"]
[TimeControl "2700+45"]

1. Nf3 Nc6 2. c4 d6 3. g3 e5 4. d3 f5 5. Bg2 Nf6 6. O-O Be7 7. a3 O-O 8. b4 Qe8
9. Nc3 a6 10. Bb2 Nd8 11. Qc2 c6 12. Na4 Be6 13. c5 Nf7 14. cxd6 Bxd6 15. Nc5
Bc8 16. Rfe1 Qe7 17. Rad1 Nd7 18. Nxd7 Bxd7 19. e4 f4 20. gxf4 exf4 21. e5 Bc7
22. d4 Ng5 23. Nxg5 Qxg5 24. f3 Bh3 25. Kh1 Qf5 26. Qxf5 Bxf5 27. Bc1 Be6 28.
Re4 g5 29. Rg1 Kh8 30. Bd2 Rad8 31. Bc3 h5 32. Rd1 g4 33. Rf1 Bd5 34. Ree1 Bc4
35. Rf2 g3 36. Rc2 h4 37. Bd2 Bd3 38. Rcc1 Rxd4 39. Bc3 Rd5 40. e6+ Kg8 41. e7
Re8 42. Bh3 Bf5 43. Bf1 h3 44. Bc4 g2+ 45. Kg1 Bb6+ {White resigns} 0-1

[Event "Team 45 45 League T66"]
[Site "Internet Chess Club"]
[Date "2015.10.05"]
[Round "5"]
[White "Andressa"]
[Black "PaulRichard"]
[Result "1/2-1/2"]
[WhiteElo "1437"]
[BlackElo "1645"]
[Opening "Sicilian defense"]
[ECO "B30"]
[Time "19:13:41"]
[TimeControl "2700+45"]

1. e4 c5 2. Nf3 Nc6 3. Bc4 g6 4. d4 cxd4 5. Nxd4 Bg7 6. Nxc6 bxc6 7. O-O d6 8.
Nc3 Nf6 9. Qf3 Qb6 10. Rb1 O-O 11. Be3 Qb4 12. Bd3 Ng4 13. a3 Qb7 14. h3 Nxe3
15. Qxe3 Be6 16. f4 Qb6 17. Qxb6 axb6 18. Ne2 f5 19. exf5 Bxf5 20. Bxf5 Rxf5 21.
c3 Ra4 22. g4 Rd5 23. Rbd1 Rxd1 24. Rxd1 Re4 25. Kf2 d5 26. Kf3 e5 27. fxe5 Rxe5
28. h4 {Game drawn by mutual agreement} 1/2-1/2

[Event "Team 45 45 League T66"]
[Site "Internet Chess Club"]
[Date "2015.10.03"]
[Round "5"]
[White "GideonL"]
[Black "olivermx"]
[Result "1/2-1/2"]
[WhiteElo "1466"]
[BlackElo "1321"]
[Opening "Three knights game"]
[ECO "C46"]
[Time "11:05:21"]
[TimeControl "2700+45"]

1. e4 e5 2. Nf3 Nc6 3. Nc3 Bb4 4. Bc4 Nf6 5. d3 O-O 6. h3 h6 7. O-O Bxc3 8. bxc3
d5 9. Bxd5 Nxd5 10. exd5 Qxd5 11. c4 Qd6 12. Be3 Be6 13. Qe2 Rfe8 14. Rfd1 Qe7
15. Bd2 Nd4 16. Nxd4 exd4 17. Qf3 c5 18. Re1 b6 19. Qg3 Qf6 20. Bf4 Bd7 21. Re5
Rxe5 22. Bxe5 Qg6 23. Re1 Qxg3 24. Bxg3 Re8 25. Rxe8+ Bxe8 26. Bb8 a6 27. Ba7 b5
28. Bxc5 bxc4 29. dxc4 Ba4 30. Bxd4 Bxc2 31. c5 Bf5 32. c6 g6 33. f3 h5 34. Kf2
Be6 35. c7 Kf8 36. a3 Ke8 37. Ke3 Kd7 38. Be5 Kc6 39. Kd4 f6 40. Bxf6 Kxc7 41.
g4 hxg4 42. hxg4 Bb3 43. Ke5 Bd1 44. Kf4 Kc6 45. Kg3 Kd5 46. f4 Ke6 47. Bc3 Bc2
48. Kh4 Bd3 49. Kg5 Kf7 50. f5 gxf5 51. gxf5 Bc2 52. Kf4 Bb1 53. f6 Bd3 54. Ke5
{Game drawn by mutual agreement} 1/2-1/2

[Event "Team 45 45 League T66"]
[Site "Internet Chess Club"]
[Date "2015.10.03"]
[Round "5"]
[White "Kandor"]
[Black "sdcohle"]
[Result "0-1"]
[WhiteElo "1322"]
[BlackElo "1445"]
[Opening "King's pawn opening"]
[ECO "B07"]
[Time "17:45:15"]
[TimeControl "2700+45"]

1. e4 d6 2. d3 e5 3. Nf3 Nf6 4. Nbd2 Be7 5. g3 b6 6. Bg2 Bb7 7. O-O Nbd7 8. Qe2
O-O 9. c3 d5 10. Re1 Re8 11. Nf1 dxe4 12. dxe4 c5 13. Qc4 h6 14. Rd1 Qc7 15. Nh4
b5 16. Qe2 c4 17. Qc2 Nc5 18. f3 Nd3 19. Be3 Bc5 20. Kh1 Bxe3 21. Nxe3 Qc5 22.
Rxd3 cxd3 23. Qxd3 Rad8 24. Qe2 Re7 25. Bh3 Bc8 26. Bf1 a6 27. Nhf5 Red7 28. Qe1
Rd2 29. Rd1 Rxd1 30. Nxd1 Bxf5 31. exf5 Qd5 32. Qf2 Qxd1 {White resigns} 0-1

[Event "Team 45 45 League T66"]
[Site "Internet Chess Club"]
[Date "2015.10.06"]
[Round "5"]
[White "Andaluz"]
[Black "dabodhi"]
[Result "0-1"]
[WhiteElo "1349"]
[BlackElo "1392"]
[Opening "Polish (Sokolsky) opening"]
[ECO "A00"]
[Time "14:00:30"]
[TimeControl "2700+45"]

1. b4 e5 2. Bb2 Bxb4 3. Bxe5 Nf6 4. a3 Ba5 5. e3 O-O 6. Nf3 Re8 7. Be2 d5 8. c4
dxc4 9. Bxc4 Nc6 10. Bb2 Be6 11. O-O Bxc4 12. Re1 Ne4 13. Qc2 Qd3 14. Qa4 Bb3
{White resigns} 0-1

[Event "Team 45 45 League T66"]
[Site "Internet Chess Club"]
[Date "2015.10.02"]
[Round "5"]
[White "jjaillet2007"]
[Black "SeniorCitizen"]
[Result "1-0"]
[WhiteElo "1301"]
[BlackElo "1344"]
[Opening "QGD: 6.Nf3"]
[ECO "D55"]
[Time "13:00:13"]
[TimeControl "2700+45"]

1. d4 d5 2. c4 e6 3. Nc3 Nf6 4. Bg5 Be7 5. Nf3 O-O 6. e3 c6 7. cxd5 cxd5 8. Bd3
Nbd7 9. O-O a6 10. Re1 Re8 11. e4 dxe4 12. Nxe4 Nxe4 13. Bxe7 Nxf2 14. Bxd8 Nxd1
15. Raxd1 Rxd8 16. Ng5 Nf6 17. h3 b5 18. b4 Bb7 19. Kf2 Rd6 20. g4 Rad8 21. Be4
Bxe4 22. Nxe4 Nxe4+ 23. Rxe4 Rc8 24. Ke3 g6 25. Re5 f6 26. Rc5 Rcd8 27. a3 Kf7
28. Rc7+ R8d7 29. Rc8 f5 30. gxf5 exf5 31. h4 h5 32. Rc5 Ke6 33. Re5+ Kf6 34.
Rc5 Ke7 35. d5 Kf6 36. Kf4 Rd8 37. Rd3 R8d7 38. Rd4 Rd8 39. Rd3 g5+ 40. hxg5+
Kg6 41. Re3 h4 42. Re6+ Rxe6 43. dxe6 h3 44. e7 Re8 45. Rc6+ Kg7 46. Rh6 Rxe7
47. Rxh3 Rc7 48. Kxf5 Rf7+ 49. Kg4 Rd7 50. Rh6 Rd3 51. Rxa6 Rd5 52. Kf4 Kf7 53.
Rf6+ Kg7 54. Rf5 Rd4+ 55. Ke3 Rh4 56. Rxb5 Rh3+ 57. Kd4 Rxa3 58. Rc5 Kg6 59. b5
Ra4+ 60. Rc4 Ra2 61. b6 Kxg5 62. Kc5 Ra5+ 63. Kc6 Kf6 64. b7 {Black resigns} 1-0

[Event "Team 45 45 League T66"]
[Site "Internet Chess Club"]
[Date "2015.10.04"]
[Round "5"]
[White "Brazuka"]
[Black "Just-Jim"]
[Result "1-0"]
[WhiteElo "1117"]
[BlackElo "1300"]
[Opening "Lengfellner system"]
[ECO "B07"]
[Time "17:00:28"]
[TimeControl "2700+45"]

1. e4 d6 2. d4 e6 3. Nf3 f5 4. Nc3 c6 5. b4 Be7 6. a4 Nf6 7. Bd3 O-O 8. O-O d5
9. e5 Ne4 10. Ne2 Bxb4 11. c3 Nxc3 12. Nxc3 Bxc3 13. Ra2 Ba5 14. Bg5 Qe8 15. Nh4
Bd8 16. Bxd8 Qxd8 17. g3 Bd7 18. Nf3 Be8 19. h4 Bh5 20. Be2 Qe8 21. Ng5 Bxe2 22.
Qxe2 Qg6 23. f4 h6 24. h5 Qe8 25. Nh3 g6 26. g4 Nd7 27. g5 gxh5 28. gxh6 Qg6+
29. Kh2 c5 30. Rg1 Qxg1+ 31. Kxg1 cxd4 32. Qxh5 Rf7 33. Rg2+ Kh8 34. Qxf7 Rc8
35. Qg7# {Black checkmated} 1-0

[Event "Team 45 45 League T66"]
[Site "Internet Chess Club"]
[Date "2015.10.05"]
[Round "5"]
[White "wildangels"]
[Black "oldbookseller"]
[Result "1-0"]
[WhiteElo "1071"]
[BlackElo "1068"]
[Opening "Réti opening"]
[ECO "A04"]
[Time "14:00:23"]
[TimeControl "2700+45"]

1. Nf3 d6 2. g3 Nf6 3. Bg2 c5 4. d3 g6 5. Bg5 Bg7 6. Nbd2 Bd7 7. h3 Nc6 8. c3
Rb8 9. O-O O-O 10. Re1 Be6 11. e4 c4 12. d4 d5 13. e5 Nd7 14. Nf1 Qc7 15. Qd2 f6
16. Bh6 g5 17. Bxg7 Kxg7 18. N1h2 fxe5 19. Qxg5+ Kf7 20. Qh5+ Kf6 21. Ng4+ Bxg4
22. hxg4 e4 23. Qh6+ Kf7 24. Qxh7+ Ke6 25. Ng5+ Kf6 26. Qf5+ Kg7 27. Ne6+ Kg8
28. Nxc7 Rxf5 29. gxf5 Nf6 30. Ne6 Ng4 31. Bh3 Nf6 32. g4 Kf7 33. g5 Rh8 34. Kg2
Nh5 35. Rh1 Nd8 36. g6+ Kf6 37. Nxd8 Rxd8 38. Bg4 Nf4+ 39. Kf1 Nd3 40. Rh7 e3
41. fxe3 Kg5 42. Bh5 Rf8 43. g7 Rxf5+ 44. Ke2 Rf2+ 45. Kd1 Nxb2+ 46. Ke1 Nd3+
47. Kd1 Rf1+ 48. Kd2 Rf2+ 49. Kd1 Nb2+ 50. Ke1 Nd3+ 51. Kd1 Nb2+ 52. Kc1 Nd3+
53. Kb1 Rf1+ 54. Kc2 Rxa1 55. g8=Q+ Kf5 56. Qf8+ Ke4 57. Qxe7+ Kf5 58. Rf7#
{Black checkmated} 1-0

[Event "Team 45 45 League T66"]
[Site "Internet Chess Club"]
[Date "2015.10.02"]
[Round "5"]
[White "Aquaman"]
[Black "Striker3000"]
[Result "0-1"]
[WhiteElo "1285"]
[BlackElo "1424"]
[Opening "English: Carls' Bremen system"]
[ECO "A22"]
[Time "20:00:33"]
[TimeControl "2700+45"]

1. c4 e5 2. Nc3 Nf6 3. g3 Nc6 4. Bg2 Bb4 5. a3 Bxc3 6. bxc3 O-O 7. d3 d6 8. Bg5
h6 9. Bd2 Be6 10. h3 Re8 11. Nf3 e4 12. dxe4 Bxc4 13. O-O Nxe4 14. Re1 Nxd2 15.
Qxd2 Na5 16. Nd4 c5 17. Nf5 Nb3 18. Qxd6 Qxd6 19. Nxd6 Nxa1 20. Nxe8 Rxe8 21.
Rxa1 Rxe2 22. Bxb7 Rc2 23. Rd1 Rxc3 24. Rd8+ Kh7 25. Bc6 Rxa3 26. h4 Be6 27.
Be4+ g6 28. h5 f5 29. hxg6+ Kxg6 30. Bg2 c4 31. Rd6 Kf6 32. Bd5 Ke5 33. Rxe6+
Kxd5 34. Rxh6 c3 35. Rh7 c2 36. Rc7 Ra1+ {White resigns} 0-1

[Event "Team 45 45 League T66"]
[Site "Internet Chess Club"]
[Date "2015.10.04"]
[Round "5"]
[White "RobertBuice"]
[Black "Jiawen5"]
[Result "1-0"]
[WhiteElo "1173"]
[BlackElo "1084"]
[Opening "QGA, 4.Nc3"]
[ECO "D24"]
[Time "08:01:32"]
[TimeControl "2700+45"]

1. d4 d5 2. c4 dxc4 3. Nc3 Nf6 4. Nf3 Nc6 5. Bg5 e6 6. e3 Bb4 7. Bxc4 b6 8. O-O
Bb7 9. a3 Bxc3 10. bxc3 a5 11. Bxf6 Qxf6 12. Bb5 O-O-O 13. Bxc6 Bxc6 14. Ne5 h6
15. Nxc6 Rd6 16. Na7+ Kb7 17. Nb5 Rd5 18. Rb1 c6 19. c4 Rg5 20. Nd6+ Kc7 21. Ne4
Rxg2+ {Black resigns} 1-0